cohdb
Replays
Latest Replays
All Replays
Popular Replays
Top Player Replays
Match Explorer
How It Works
Community
CoH3 Stats
Reddit
Sign in to upload your games and track your stats! →
Sign in with Steam
Match 47089403
Unlisted
Match 47089403
Overview
Messages
Build Orders
End
Construct Infanterie Kompanie
Kettenkrad Recon Vehicle
MG 42 Machine Gun Team
Selects Mechanized Battlegroup
Grenadier Squad
MG 42 Machine Gun Team
Construct Panzergrenadier Kompanie
251 Medium Carrier
Selects Mobile Repair Stations
Pak 40 Anti-tank Gun Team
Construct Luftwaffe Kompanie
MG 42 Bunker
221 Scout Car
Jäger Squad
Selects Wespe Self-propelled Artillery
Wespe Self-propelled Artillery
Jäger Squad
Wespe Self-propelled Artillery
Support Elements
Marder III M Tank Destroyer
Marder III M Tank Destroyer
Selects Zeroing Artillery Barrage
Zeroing Artillery Barrage
Selects Raid Package
Wirbelwind Flakpanzer
Wirbelwind Flakpanzer
Pioneer Squad
hexxcode
Whiskey
姬延龙
XXOO
Tonton
Jamesrulz
Thank You Chef
Kray-Tos
0
0
Comments
sign in to comment!
No comments posted yet!